 Dungeon Crawl Stone Soup version 0.21.1-1-g345015f (webtiles) character file.

1142 xccam the Cleaver (level 8, -2/61 HPs)
             Began as a Demonspawn Abyssal Knight on Feb 12, 2018.
             Was a Priest of Lugonu.
             Slain by an ogre
             ... wielding a +0 giant spiked club
              (30 damage)
             ... on level 7 of the Dungeon.
             The game lasted 00:17:17 (7040 turns).

xccam the Cleaver (Demonspawn Abyssal Knight)       Turns: 7040, Time: 00:17:18

Health: -2/61      AC: 12    Str: 19    XL:     8   Next: 15%
Magic:  9/9        EV:  8    Int: 14    God:    Lugonu [***...]
Gold:   452        SH:  0    Dex: 13    Spells: 7/7 levels left

rFire    . . .     SeeInvis .   r - +1 war axe
rCold    . . .     Gourm    .   (no shield)
rNeg     . . .     Faith    .   u - +0 chain mail
rPois    .         Spirit   .   (helmet restricted)
rElec    .         Reflect  .   (no cloak)
rCorr    .         Harm     +   (no gloves)
MR       .....                  f - +1 pair of boots
Stlth    ..........             m - amulet of harm
HPRegen  0.20/turn              (no ring)
MPRegen  0.11/turn              (no ring)

@: mighty
A: horns 1, iridescent scales 1, nightstalker 1, powered by pain 1
a: Depart the Abyss, Bend Space, Banish, Renounce Religion


You were on level 7 of the Dungeon.
You worshipped Lugonu.
Lugonu was most pleased with you.
You were not hungry.

You visited 1 branch of the dungeon, and saw 7 of its levels.
You visited the Abyss 1 time.

You collected 452 gold pieces.

Inventory:

Hand Weapons
 r - a +1 war axe (weapon)
Armour
 f - a +1 pair of boots (worn)
 j - a +0 plate armour
 u - a +0 chain mail (worn)
Jewellery
 h - an uncursed ring of protection from cold {unknown}
 m - an amulet of harm (around neck)
Wands
 d - a wand of digging (13)
 o - a wand of random effects (16)
 s - a wand of iceblast (9)
Scrolls
 a - a scroll of teleportation
 b - a scroll of remove curse
 g - 4 scrolls of enchant armour
 l - 5 scrolls of identify
 p - 4 scrolls of fog
Potions
 e - 3 potions of curing
 i - 2 potions of magic
 k - a potion of ambrosia
 t - a potion of degeneration
Comestibles
 c - 11 rations
 n - a chunk of flesh


   Skills:
 - Level 4.4 Fighting
 * Level 8.3 Axes
 - Level 1.7 Armour
 + Level 2.0 Dodging
 - Level 2.4 Invocations


You had 7 spell levels left.
You didn't know any spells.

Dungeon Overview and Level Annotations

Branches:
Dungeon (7/15)             Temple (0/1) D:6

Altars:
Makhleb
Nemelex Xobeh


Innate Abilities, Weirdness & Mutations

You have a pair of small horns on your head.
You are partially covered in iridescent scales. (AC +2)
You are slightly more attuned to the shadows.
You sometimes gain a little power by taking damage.


Message History

You now have 445 gold pieces (gained 8).
Found an orc skeleton.
No target in view!
No target in view!
No target in view!
You now have 452 gold pieces (gained 7).
Found a human skeleton.
Found an elf skeleton.
An ogre comes into view. It is wielding a giant spiked club.
The ogre shouts!
Found a throwing net and 5 rations.
You slash the ogre! Your headbutt misses the ogre.
The ogre is heavily wounded.
The ogre hits you with a giant spiked club!!
You focus on the pain.
You feel very mighty all of a sudden.
You slash the ogre!
The ogre is almost dead.
The ogre hits you with a giant spiked club!!
You die...

.......#.#....##.................
.......#.#....##.................
.#######.#....#########..........
.# #.##..###### #.......### (#
####.##.###%%÷# #...)...# # .#
#......†.##.§÷# ######### #
.####........##%(.# #
...##.........###O# #
...##.........##@## #
...##........###.# #
.####........##.## # .#
#####......÷.# ####### .#
#.......## #......
.########.......# #......
..........#.##### #......
...######.#.# ############..<...
##.# #.... ...........'......


You could see an ogre.

Vanquished Creatures
  Eustachio (D:6)
  A sky beast (D:7)
  An ice beast (D:6)
  An ogre (D:6)
  A centaur (D:6)
  A bullfrog (D:7)
  A scorpion (D:5)
  A crimson imp (D:7)
  A jelly (D:7)
  An orc priest (D:4)
  2 orc wizards
  A bullfrog skeleton (D:6)
  2 iguanas (D:6)
  3 worker ants
  Robin (D:3)
  3 adders
  6 gnolls
  2 oozes
  3 worms
  A dart slug (D:3)
  4 leopard geckos
  17 orcs
  3 giant cockroaches
  17 goblins
  9 hobgoblins
  6 jackals (D:2)
  5 kobolds
  5 quokkas
  9 bats
  2 frilled lizards (D:3)
  A jackal skeleton (D:4)
  12 rats
124 creatures vanquished.

Notes
Turn   | Place    | Note
-------+----------+-------------------------------------------
     0 | Abyss:1  | xccam the Demonspawn Abyssal Knight began the quest for the Orb.
     0 | Abyss:1  | Reached XP level 1. HP: 18/18 MP: 2/2
   119 | Abyss:1  | Noticed a raiju
   127 | Abyss:1  | Noticed a large abomination
   138 | D:1      | Escaped the Abyss
   170 | D:1      | Reached skill level 2 in Axes
   263 | D:1      | Gained mutation: You are partially covered in iridescent scales. (AC +2) [demonic ancestry]
   263 | D:1      | Reached XP level 2. HP: 19/24 MP: 3/3
   367 | D:1      | Reached * piety under Lugonu
  1003 | D:2      | Reached skill level 3 in Axes
  1003 | D:2      | Gained mutation: You are slightly more attuned to the shadows. [demonic ancestry]
  1003 | D:2      | Reached XP level 3. HP: 28/29 MP: 4/4
  1910 | D:3      | Reached XP level 4. HP: 32/37 MP: 5/5
  2051 | D:3      | Reached ** piety under Lugonu
  2275 | D:3      | Noticed Robin
  2288 | D:3      | Reached skill level 4 in Axes
  2299 | D:3      | Killed Robin
  2299 | D:3      | Reached XP level 5. HP: 16/42 MP: 6/6
  2325 | D:3      | Found a burning altar of Makhleb.
  3232 | D:4      | Reached *** piety under Lugonu
  3342 | D:4      | Gained mutation: You sometimes gain a little power by taking damage. [demonic ancestry]
  3342 | D:4      | Reached XP level 6. HP: 25/49 MP: 7/7
  3346 | D:4      | Reached skill level 5 in Axes
  4152 | D:5      | Entered Level 5 of the Dungeon
  4165 | D:5      | Found a sparkling altar of Nemelex Xobeh.
  5223 | D:6      | Found a staircase to the Ecumenical Temple.
  5391 | D:6      | Noticed Eustachio
  5712 | D:6      | Reached skill level 6 in Axes
  5730 | D:6      | Noticed an ice beast
  5743 | D:6      | Killed an ice beast
  5743 | D:6      | Reached XP level 7. HP: 16/55 MP: 8/8
  6132 | D:6      | Killed Eustachio
  6132 | D:6      | Reached skill level 7 in Axes
  6305 | D:6      | HP: 2/55 [ogre/giant club (27)]
  6796 | D:7      | Reached skill level 1 in Dodging
  6808 | D:7      | Reached skill level 8 in Axes
  6876 | D:7      | Gained mutation: You have a pair of small horns on your head. [demonic ancestry]
  6876 | D:7      | Reached XP level 8. HP: 59/61 MP: 9/9
  7040 | D:7      | Slain by an ogre

Skill      XL: |  1  2  3  4  5  6  7  8 |
---------------+-------------------------+-----
Axes           | 2 3 4 6 8 |  8.3
Fighting       | 4 |  4.4
Dodging        | 1 2 |  2.0
Armour         | |  1.7
Invocations    | |  2.4

Action                   |  1- 3 |  4- 6 |  7- 9 || total
-------------------------+-------+-------+-------++-------
Melee: Hand axe          |   148 |   144 |       ||   292
       War axe           |       |   121 |    65 ||   186
       Headbutt          |       |       |     2 ||     2
Invok: Depart the Abyss  |     1 |       |       ||     1
  Use: Scroll            |    10 |     4 |     1 ||    15
       Potion            |     1 |     6 |     1 ||     8
 Stab: Sleeping          |     2 |     1 |       ||     3
  Eat: Chunk             |     3 |     8 |     2 ||    13
       Ration            |       |     2 |       ||     2
Armor: Ring mail         |    89 |       |       ||    89
       Scale mail        |       |   112 |       ||   112
       Chain mail        |       |    87 |    41 ||   128
Dodge: Dodged            |    98 |   119 |    15 ||   232
